 Dungeon Sprint DCSS version 0.21.0-24-g2553a33 (webtiles) character file.

139 letownia2 the Ruffian (level 5, -14/50 HPs)
             Began as a Troll Wizard on Jan 20, 2018.
             Killed from afar by a deep elf mage (21 damage)
             ... with a stone arrow
             ... in the Dungeon (Sprint III: "The Ten Rune Challenge").
             The game lasted 00:01:53 (263 turns).

letownia2 the Ruffian (Troll Wizard)                 Turns: 263, Time: 00:01:54

Health: -14/50     AC:  6    Str: 15    XL:     5   Next: 1%
Magic:  0/7        EV:  9    Int: 15    God:
Gold:   30         SH:  0    Dex:  8    Spells: 1/8 levels left

rFire    . . .     SeeInvis .     - Unarmed
rCold    . . .     Gourm    +   (no shield)
rNeg     . . .     Faith    .   a - +0 robe
rPois    .         Spirit   .   b - +0 hat
rElec    .         Reflect  .   o - +0 cloak
rCorr    .         Harm     .   (gloves unavailable)
MR       .....     NoTele   +   (boots unavailable)
Stlth    +.........             (no amulet)
HPRegen  0.56/turn              (no ring)
MPRegen  0.10/turn              (no ring)

@: very slightly contaminated
A: large, unfitting armour, claws 3, fast metabolism 3, gourmand, regeneration
1, shaggy fur 1, tough skin 2
a: no special abilities


You were in the Dungeon.
You were not hungry.

You visited 1 branch You collected 30 gold pieces.

Inventory:

Hand Weapons
 n - a +2 quarterstaff of chaos
Armour
 a - a +0 robe (worn)
 b - a +0 hat (worn)
 o - a +0 cloak (worn)
Scrolls
 j - a scroll of blinking
 p - a scroll of immolation {unknown}
 q - 4 scrolls of remove curse
 s - a scroll of torment {unknown}
 t - a scroll of fog {unknown}
Potions
 e - 2 potions of curing
 f - a potion of heal wounds
 g - a potion of haste
 h - 2 potions of magic
 i - a potion of berserk rage
 k - a potion of degeneration {unknown}
 l - a potion of brilliance {unknown}
 m - 3 potions of mutation {unknown}
 r - a potion of flight {unknown}
 u - a potion of might {unknown}
Books
 c - a book of Minor Magic

   Spells                             Type                      Level
   a - Magic Dart                     Conjuration                  1
   b - Blink                          Translocation                2
   c - Call Imp                       Summoning                    2
   d - Slow                           Hexes                        2
   e - Conjure Flame                  Conjuration/Fire             3
   f - Mephitic Cloud                 Conjuration/Poison/Air       3
Comestibles
 d - 4 rations


   Skills:
 + Level 2.6 Fighting
 + Level 1.5 Dodging
 - Level 1.0 Stealth
 * Level 4.8 Unarmed Combat
 - Level 2.0 Spellcasting
 - Level 3.0 Conjurations
   Level 0.6 Summonings
   Level 0.6 Translocations
 - Level 2.1 Fire Magic
 - Level 2.5 Air Magic
 - Level 2.8 Poison Magic


You had one spell level left.
You knew the following spells:

 Your Spells              Type           Power        Failure   Level  Hunger
a - Magic Dart            Conj           ##..         6%          1    #......
c - Conjure Flame         Conj/Fire      #.......     22%         3    ###....
e - Mephitic Cloud        Conj/Pois/Air  #.......     22%         3    ###....


Dungeon Overview and Level Annotations

Branches:
Dungeon (1/1)

Altars:
Elyvilon
Zin
The Shining One


Innate Abilities, Weirdness & Mutations

You are too large for most types of armour.
You have claws for hands.
Your metabolism is lightning-fast.
You like to eat raw meat.
Your natural rate of healing is unusually fast.
You are covered in fur. (AC +1)
You have very tough skin. (AC +2)


Message History

The earth elemental hits you!!
You scratch the earth elemental but do no damage.
The earth elemental is moderately damaged.
The deep elf mage is engulfed in noxious fumes.
Unknown command.
Press < or > to pray at altars.
You closely miss the deep elf mage.
The deep elf mage is lightly wounded.
The deep elf mage is engulfed in noxious fumes.
The deep elf mage completely misses you.
The earth elemental hits you!!
* * * LOW HITPOINT WARNING * * *
Unknown command.
Press < or > to pray at altars.
You closely miss the deep elf mage.
The deep elf mage is lightly wounded.
The deep elf mage is engulfed in noxious fumes.
The deep elf mage gestures at you while chanting.
The stone arrow hits you!
You die...

▓▓▓▓▓▓▓▓ ▓▓▓ ..'....♣
♣.##### ..#....♣♣ ♣♣.#_@_#
###.....♣ ..#.Ee#
..#....≈♣♣ ♣.###'#+###+##
..#...≈≈.♣♣♣♣.#..........#
..#..≈≈≈≈.♣♣..'.⌠........#
#[#..≈≈≈≈≈≈.♣.#...######+#
..#.≈≈≈≈≈≈....#.⌠.#
..#.≈≈≈≈≈.....#...#
..#.≈≈≈.......#+###


You could see an earth elemental and a deep elf mage.

Vanquished Creatures
  A water elemental (D)
  Crazy Yiuf (D)
  Jessica (D)
  A human (D)
  An ooze (D)
  2 rats (D)
7 creatures vanquished.

Vanquished Creatures (others)
  2 draconian scorchers (D)
  6 hellions (D)
  2 plants (D)
10 creatures vanquished.

Grand Total: 17 creatures vanquished

Notes
Turn   | Place    | Note
-------+----------+-------------------------------------------
     0 | D        | letownia2 the Troll Wizard began the quest for the Orb.
     0 | D        | Reached XP level 1. HP: 16/16 MP: 2/2
     5 | D        | Reached skill level 1 in Unarmed Combat
     8 | D        | Reached skill level 1 in Fighting
     8 | D        | Reached skill level 2 in Unarmed Combat
    20 | D        | Noticed Jessica
    25 | D        | Killed Jessica
    25 | D        | Reached skill level 4 in Unarmed Combat
    25 | D        | Reached XP level 2. HP: 29/29 MP: 4/4
    25 | D        | Reached XP level 3. HP: 36/36 MP: 5/5
    32 | D        | Learned a level 3 spell: Mephitic Cloud
    44 | D        | Noticed Crazy Yiuf
    64 | D        | Killed Crazy Yiuf
    64 | D        | Reached skill level 1 in Conjurations
    64 | D        | Reached skill level 1 in Air Magic
    64 | D        | Reached skill level 1 in Poison Magic
    89 | D        | Killed a hellion
    90 | D        | Killed a hellion
    94 | D        | Reached XP level 4. HP: 27/44 MP: 6/6
    99 | D        | Learned a level 3 spell: Conjure Flame
   103 | D        | Killed a hellion
   111 | D        | Killed a hellion
   135 | D        | Noticed a water elemental
   139 | D        | Killed a water elemental
   139 | D        | Reached XP level 5. HP: 31/50 MP: 0/7
   140 | D        | Killed a hellion
   155 | D        | Killed a hellion
   185 | D        | Killed a white draconian scorcher
   186 | D        | Killed a white draconian scorcher
   205 | D        | Found a glowing silver altar of Zin.
   205 | D        | Found a glowing golden altar of the Shining One.
   205 | D        | Found a white marble altar of Elyvilon.
   228 | D        | Noticed a deep elf mage
   263 | D        | Killed from afar by a deep elf mage

Skill      XL: |  1  2  3  4 |
---------------+-------------+-----
Unarmed Combat | 4 |  4.8
Fighting       | 2 |  2.6
Conjurations   | 3 |  3.0
Air Magic      | 1 2 |  2.5
Poison Magic   | 1 2 |  2.8
Fire Magic     | 2 |  2.1
Dodging        | |  1.5
Stealth        | |  1.0
Spellcasting   | |  2.0
Summonings     | |  0.6
Translocations | |  0.6

Action                   |  1- 3 |  4- 6 || total
-------------------------+-------+-------++-------
Melee: Unarmed           |    26 |     8 ||    34
       Punch             |     1 |       ||     1
 Cast: Mephitic Cloud    |     1 |     2 ||     3
       Conjure Flame     |       |     1 ||     1
  Eat: Chunk             |     3 |       ||     3
Armor: Robe              |     5 |       ||     5
Dodge: Dodged            |     8 |     3 ||    11
